AoeStats
← Sxc Specs

Pilgrims

507450893Analyzed
4v4 RM · 15d ago on Sep 18, 2026· 22m 7s· 8 players
Game mode
Random Map
Map size
Large (8 player)
Population
200
Speed
Normal
Resources
Standard
Victory
Conquest
Starting age
Dark Age
Ending age
Imperial Age
RankedLock teamsTeams togetherTeam positionsShared explorationLock speedFull tech treeHidden civsTurbo modeCheats
Victory
Defeat
🇦🇺 Vikings · Australia
1703
+9
🇺🇦 Armenians · Ukraine
1674
+10
🇩🇪 Khitans · Germany
1644
+11
🇩🇪 Malay · Germany
1330
+23
🇨🇳 Huns · China
1615
-17
🇨🇿 Huns · Czechia
1568
-15
🇨🇳 Gurjaras · China
1516
-13
🇻🇳 Armenians · Vietnam
1384
-8
Mr_Asphalt
8:21 Loom
11:30 Feudal Age
12:06 Double-Bit Axe
12:26 Gold Mining
13:38 Fishing Lines
19:16 Castle Age
17:40 Horse Collar
18:57 Scale Barding Armor
19:02 Forging
19:29 Stone Mining
20:29 Chain Barding Armor
20:39 Bloodlines
22:04 Wheelbarrow
aunclelikegod02
12:12 Feudal Age
12:57 Loom
13:15 Double-Bit Axe
15:52 Wheelbarrow
17:25 Town Watch
20:31 Castle Age
21:46 Hand Cart
Valodimer
6:14 Loom
9:41 Feudal Age
14:49 Fletching
15:21 Double-Bit Axe
15:29 Stone Mining
18:25 Castle Age
2067
7:33 Loom
KhiTans
12:32 Feudal Age
14:22 Double-Bit Axe
14:54 Forging
15:41 Scale Barding Armor
17:44 Loom
Olli
11:54 Feudal Age
16:13 Castle Age
14:21 Stone Mining
15:03 Double-Bit Axe
15:09 Fishing Lines
17:33 Wheelbarrow
18:06 Gillnets
18:57 Stone Shaft Mining
22:43 Bow Saw
Ouch
8:56 Loom
11:44 Feudal Age
12:10 Double-Bit Axe
16:51 Fishing Lines
17:16 Fletching
Sxc Specs
4:18 Loom
11:51 Feudal Age
15:54 Castle Age
14:17 Fletching
14:55 Double-Bit Axe
16:48 Bodkin Arrow
17:30 Gold Mining
19:47 Ballistics
Connection lost

Rejoining the realm…

Still unreachable

The connection could not be restored.

Session expired

The server has moved on; the page needs a fresh start.